AoeStats
← {WaZzU'P} Recluta4!

Arena

510192492Analyzed
4v4 RM · 1d ago on Sep 29, 2026· 44m 31s· 8 players
Game mode
Random Map
Map size
Large (8 player)
Population
200
Speed
Normal
Resources
Standard
Victory
Conquest
Starting age
Dark Age
Ending age
Imperial Age
RankedLock teamsTeams togetherTeam positionsShared explorationLock speedFull tech treeHidden civsTurbo modeCheats
Victory
Defeat
🇮🇪 Shu · Ireland
1262
+12
🇦🇷 Teutons · Argentina
1188
+15
🇦🇷 Bohemians · Argentina
1163
+16
🇦🇷 Magyars · Argentina
1144
+17
🇺🇸 Cumans · United States
1278
-19
🇨🇭 Burgundians · Switzerland
1181
-16
🇺🇸 Danes · United States
1142
-14
🇻🇪 Maya · Venezuela
1057
-11
{WaZzU'P} Recluta4!
10:14 Feudal Age
15:01 Castle Age
13:16 Horse Collar
14:43 Double-Bit Axe
22:28 Heavy Plow
23:54 Loom
23:55 Town Watch
25:02 Wheelbarrow
24:54 Forging
25:17 Scale Barding Armor
26:52 Hand Cart
26:51 Bloodlines
28:57 Chain Barding Armor
32:01 Imperial Age
29:08 Light Cavalry
31:18 Iron Casting
31:44 Steppe Husbandry
31:31 Capped Ram
33:09 Conscription
32:27 Elite Steppe Lancer
34:28 Plate Barding Armor
33:44 Hussar
38:32 Blast Furnace
37:54 Ballistics
37:59 Fletching
39:35 Bow Saw
40:31 Bodkin Arrow
40:13 Cavalier
40:54 Padded Archer Armor
42:51 Gold Mining
43:26 Stone Mining
Tribal4468
8:29 Loom
10:15 Feudal Age
11:54 Double-Bit Axe
16:06 Castle Age
14:49 Stone Mining
14:50 Gold Mining
36:12 Masonry
36:47 Ballistics
39:42 Fletching
41:10 Murder Holes
42:00 Bodkin Arrow
{WaZzU'P} Sr Gilmapi
5:28 Loom
10:54 Feudal Age
15:13 Castle Age
13:35 Double-Bit Axe
13:44 Horse Collar
14:52 Gold Mining
16:09 Fletching
20:25 Heavy Plow
26:56 Wheelbarrow
26:20 Bodkin Arrow
28:20 Crossbowman
32:40 Imperial Age
32:06 Padded Archer Armor
33:15 Ballistics
32:45 Arbalester
34:04 Crop Rotation
33:54 Leather Archer Armor
37:58 Chemistry
37:03 Bracer
37:34 Ring Archer Armor
37:53 Thumb Ring
43:17 Eagle Warrior
44:00 Squires
{WaZzU'P} GranPolo
11:20 Feudal Age
16:57 Castle Age
15:59 Double-Bit Axe
15:57 Horse Collar
17:52 Forging
17:55 Heavy Plow
18:12 Bow Saw
20:53 Two-Man Saw
26:00 Wheelbarrow
25:37 Town Watch
27:40 Hand Cart
30:35 Imperial Age
28:35 Scale Barding Armor
29:07 Gold Mining
30:10 Chain Barding Armor
30:47 Gold Shaft Mining
30:54 Burgundian Vineyards
32:08 Iron Casting
32:14 Crop Rotation
33:08 Plate Barding Armor
33:07 Husbandry
35:15 Blast Furnace
35:50 Chemistry
35:48 Elite Coustillier
36:38 Town Patrol
38:26 Light Cavalry
38:29 Cavalier
39:45 Hussar
40:55 Fletching
41:49 Bodkin Arrow
Lexi ní Anord
11:30 Feudal Age
12:20 Double-Bit Axe
15:58 Castle Age
17:07 Bow Saw
17:35 Loom
20:24 Wheelbarrow
19:57 Horse Collar
20:12 Crossbowman
21:10 Fletching
21:47 Bodkin Arrow
22:58 Padded Archer Armor
23:48 Heavy Plow
25:50 Ballistics
26:25 Thumb Ring
32:14 Imperial Age
32:21 Arbalester
34:01 Bracer
36:59 Chemistry
36:18 Leather Archer Armor
41:10 Two-Man Saw
40:58 Ring Archer Armor
40:46 Hand Cart
41:03 Bolt Magazine
42:04 Town Watch
44:46 Forging
44:36 Scale Mail Armor
rabbit o sea conejo
11:07 Loom
12:53 Feudal Age
14:16 Double-Bit Axe
14:12 Horse Collar
14:25 Gold Mining
17:15 Castle Age
16:48 Wheelbarrow
17:47 Forging
19:12 Bow Saw
19:41 Stone Mining
24:09 Squires
23:31 Pikeman
23:57 Gambesons
24:08 Man-at-Arms
25:01 Heavy Plow
25:48 Long Swordsman
28:07 Scale Mail Armor
28:42 Iron Casting
32:36 Imperial Age
30:23 Hand Cart
30:54 Stone Shaft Mining
32:46 Ballistics
32:24 Fletching
32:50 Chain Mail Armor
32:29 Town Watch
34:21 Chemistry
33:23 Bodkin Arrow
32:55 Halberdier
35:00 Blast Furnace
34:45 Plate Mail Armor
35:04 Scale Barding Armor
34:42 Cavalier
37:40 Paladin
38:30 Bloodlines
38:10 Elite Teutonic Knight
41:02 Arrowslits
41:37 Bombard Tower
Maxi24875
10:30 Feudal Age
14:44 Castle Age
13:03 Loom
13:10 Double-Bit Axe
21:23 Wheelbarrow
22:58 Horse Collar
24:05 Hand Cart
25:56 Bow Saw
25:52 Heavy Plow
31:04 Imperial Age
28:55 Scale Mail Armor
29:05 Forging
28:21 Pikeman
29:08 Town Watch
30:25 Chemistry
30:00 Chain Mail Armor
29:51 Squires
30:15 Town Patrol
31:34 Fortified Wall
32:07 Iron Casting
31:12 Halberdier
32:25 Plate Mail Armor
32:11 Fletching
32:30 Arson
34:14 Blast Furnace
33:48 Siege Engineers
34:04 Ballistics
34:07 Houfnice
39:08 Bodkin Arrow
39:16 Padded Archer Armor
41:29 Wagenburg Tactics
40:46 Elite Hussite Wagon
41:47 Conscription
41:59 Bracer
42:15 Leather Archer Armor
44:28 Ring Archer Armor
MateoargeAOE
10:45 Feudal Age
14:56 Castle Age
12:52 Double-Bit Axe
15:11 Wheelbarrow
16:43 Horse Collar
18:55 Gold Mining
21:22 Bow Saw
23:06 Gold Shaft Mining
22:44 Stone Mining
24:02 Heavy Plow
25:11 Ballistics
25:09 Fletching
25:46 Husbandry
27:01 Scale Barding Armor
26:52 Bodkin Arrow
31:12 Imperial Age
29:43 Hand Cart
30:13 Bloodlines
31:11 Loom
31:26 Elite Skirmisher
32:12 Thumb Ring
31:54 Cavalier
33:11 Chain Barding Armor
32:47 Bodkin Arrow
34:29 Paladin
37:16 Crop Rotation
37:50 Two-Man Saw
40:18 Plate Barding Armor
43:06 Bracer
Connection lost

Rejoining the realm…

Still unreachable

The connection could not be restored.

Session expired

The server has moved on; the page needs a fresh start.